Map: Dash and Terminal LE (Void)

Players

wabbajack

  • Race: Zerg Zerg
  • League: Gold

Trinity

  • Race: Terran Terran
  • League: Silver

VOD

Have the link to the VOD?

Description

Time

  • Played on: July 18, 2015, 5:50 p.m.
  • Length: 6:28
Show
View Real Time Build Order
Export as new Build Order

wabbajack Zerg 

Build Orders: Pool First 

Get SALT Encoding   

  12  0:01  Drone  
  13  0:14  Overlord  
  13  0:18  Drone  
  14  0:25  Drone, Extractor  
  15  0:34  Drone, Extractor  
  15  0:36  Drone  
  16  0:51  Spawning Pool  
  16  0:53  Drone  
  16  1:01  Drone  
  17  1:08  Drone  
  18  1:19  Drone  
  19  1:30  Overlord  
  19  1:37  Queen  
  19  1:39  Metabolic Boost  
  21  1:40  Zergling x2  
  22  2:02  Zergling x2  
  22  2:08  Zergling x2  
  24  2:22  Overlord  
  24  2:26  Pneumatized Carapace  
  24  2:38  Baneling Nest  
  22  3:06  Hatchery  
  22  3:07  Drone x2  
  22  3:08  Drone  
  22  3:12  Queen  
  26  3:15  Overlord  
  26  3:28  Zergling x4  
  26  3:29  Zergling x4  
  30  3:38  Drone x3  
  33  3:54  Baneling x4  
  33  4:01  Hatchery  
  32  4:14  Overlord  
  21  4:52  Roach Warren  
  14  5:25  Drone  
  14  5:26  Drone x10  
  25  5:42  Queen  
  27  6:01  Drone  
  27  6:02  Drone x2  
  27  6:03  Drone x3  
  33  6:08  Extractor  
  31  6:25  Spore Crawler  
  31  6:26  Spore Crawler  
Show
View Real Time Build Order
Export as new Build Order

Trinity Terran 

Build Orders:  

Get SALT Encoding   

  12  0:02  SCV  
  13  0:14  SCV  
  14  0:20  Supply Depot  
  14  0:25  Refinery  
  14  0:30  SCV  
  15  0:46  Barracks  
  15  0:48  SCV  
  16  1:00  SCV  
  17  1:13  SCV  
  18  1:25  SCV  
  19  1:34  Engineering Bay  
  19  1:37  Factory  
  19  1:42  Orbital Command  
  19  1:50  Reaper  
  20  2:02  Supply Depot  
  20  2:08  SCV  
  21  2:12  Refinery  
  21  2:22  Reaper  
  22  2:24  Factory Reactor  
  22  2:28  SCV  
  22  2:41  SCV  
  23  2:56  Reaper  
  24  3:04  Hellion x2  
  28  3:08  Command Center, SCV  
  28  3:12  Supply Depot  
  29  3:17  Starport  
  29  3:26  Hellion  
  29  3:28  Hellion  
  31  3:40  Barracks Tech Lab  
  31  3:44  Supply Depot, SCV  
  31  3:48  Hellion  
  34  4:11  Hellion x2  
  34  4:16  SCV  
  39  4:20  Cloaking Field  
  39  4:21  Armory  
  15  4:55  Hellion x2  
  9  5:07  Banshee  
  10  5:17  Hellion  
  12  5:38  Hellion  
  12  5:39  Hellion  
  12  5:44  SCV  
  13  6:03  Orbital Command  
  13  6:06  SCV  
Tags
 
Add a new tag
Caveats
  • Supply blocks, unpowered buildings, or Contaminate may cause inaccurate times.
  • Supply counts are checked every 10 seconds.